 Dungeon Crawl Stone Soup version 0.20-a0-449-g96be121 (webtiles) character file.

89 Gorice the Chucker (level 4, -4/35 HPs)
             Began as a Demonspawn Arcane Marksman on Jan 6, 2017.
             Was an Initiate of Okawaru.
             Slain by a sixfirhy (7 damage)
             ... on level 1 of the Abyss on Jan 7, 2017.
             The game lasted 00:10:17 (2289 turns).

Gorice the Chucker (Demonspawn Arcane Marksman)     Turns: 2289, Time: 00:10:18

Health: -4/35      AC: 11    Str: 11    XL:     4   Next: 31%
Magic:  5/5        EV:  2    Int: 14    God:    Okawaru [......]
Gold:   104        SH:  0    Dex: 14    Spells: 4/5 levels left

rFire  . . .     SeeInvis .     e - +0 whip
rCold  . . .     Gourm    .     k - +0 plate armour
rNeg   . . .     Faith    .     (no shield)
rPois  .         Spirit   .     (no helmet)
rElec  .         Reflect  .     (no cloak)
rCorr  .         Harm     .     (no gloves)
MR     .....                    i - +0 pair of boots
Stlth  ..........               (no amulet)
                                (no ring)
                                (no ring)

@: no status effects
A: spiny 1
a: Renounce Religion


You were on level 1 of the Abyss.
You worshipped Okawaru.
Okawaru was noncommittal.
You were hungry.

You visited 1 branch of the dungeon, and saw 2 of its levels.
You visited the Abyss 1 time.

You collected 104 gold pieces.

Inventory:

Hand Weapons
 e - a +0 whip (weapon)
 m - a +0 short sword
 p - a +0 spear
 r - a +0 mace
Missiles
 c - 2 javelins (quivered)
 l - a tomahawk
 q - 6 sling bullets
 Y - a throwing net
 Z - 22 stones
Armour
 a - a +0 robe
 i - a +0 pair of boots (worn)
 k - a +0 plate armour (worn)
Jewellery
 o - an uncursed ring of fire
Scrolls
 d - a scroll of immolation {unknown}
 g - a scroll of enchant weapon {unknown}
 h - a scroll of identify {unknown}
 n - a scroll of teleportation {unknown}
 v - a scroll of remove curse {unknown}
 w - a scroll of fear {unknown}
Potions
 s - a potion of curing {unknown}
 u - a potion of berserk rage {unknown}
Books
 b - a book of Debilitation
Comestibles
 f - 2 bread rations {!e}
 j - a meat ration {!e}
 t - a beef jerky


   Skills:
 - Level 3.0 Fighting
 + Level 3.1 Throwing
 + Level 0.1 Armour
 - Level 1.7 Dodging
 - Level 1.0 Spellcasting
 - Level 3.0 Hexes


You had 4 spell levels left.
You knew the following spells:

 Your Spells              Type           Power        Failure   Level  Hunger
a - Corona                Hex            #......      100%        1    ##.....


Dungeon Overview and Level Annotations

Branches:
Dungeon (2/15)

Altars:
Cheibriados
Dithmenos
Kikubaaqudgha
Okawaru
Ru

Annotations:
D:2 Terence


Innate Abilities, Weirdness & Mutations

You are partially covered in sharp spines.


Message History

You hit Terence but do no damage.
Terence is almost dead.
Terence says, "Time to say good-bye..."
Terence barely misses you.
You hit Terence but do no damage.
Terence is almost dead.
Terence hits you but does no damage.
You feel strangely unstable.
You hit Terence but do no damage.
Terence is almost dead.
Terence hits you but does no damage. Terence is struck by your spines.
Terence hits you but does no damage.
You are cast into the Abyss!
To return, you must find a gate leading back.
Killing monsters will force the Abyss to allow you passage.
This branch contains the abyssal rune of Zot.
Unknown command.
There is an open door here.
You are suddenly pulled into a different region of the Abyss!
Unknown command.
Unknown command.
Found a scroll labeled PIECOLEMINT.
d - a scroll labeled PIECOLEMINT
Found 29 stones.
Found 22 stones.
Found a scroll labeled YTRUCI INEVU.
w - a scroll labeled YTRUCI INEVU A large abomination comes into view.
You are feeling hungry.
You start waiting.
You start waiting.
Done waiting.
An insubstantial wisp comes into view.
A sixfirhy comes into view.
The sixfirhy is struck by your spines.
The sixfirhy hits you but does no damage.
The sixfirhy barely misses you. The sixfirhy hits you. The sixfirhy shocks you!
The sixfirhy is struck by your spines.
The sixfirhy hits you but does no damage.
Damage: 11 (max 11)
The insubstantial wisp blinks!
The sixfirhy is struck by your spines.
The sixfirhy hits you but does no damage.
The sixfirhy is struck by your spines.
The sixfirhy hits you but does no damage.
The sixfirhy hits you!
* * * LOW HITPOINT WARNING * * *
The sixfirhy shocks you!
* * * LOW HITPOINT WARNING * * *
The sixfirhy is struck by your spines. The sixfirhy hits you!
You die...

.... #. ## #
#v. #. ...# #.
#..# .#
#####.### #.
.#..#.#.##.##.#
##. ....##....#
#####..##@#.
##..#3##
#....##
#.#.#v#.#..#
##.#......#
###.#.###... #
....# .#.#..
.#.#....


You could see a sixfirhy and an insubstantial wisp.

Vanquished Creatures
  Ijyb (D:2)
  2 adders
  A worm (D:2)
  6 bats (D:1)
  2 giant cockroaches (D:1)
  6 goblins
  2 hobgoblins
  3 jackals (D:1)
  6 kobolds
  A quokka (D:2)
  5 frilled lizards
  8 rats
43 creatures vanquished.

Notes
Turn   | Place    | Note
-------+----------+-------------------------------------------
     0 | D:1      | Gorice the Demonspawn Arcane Marksman began the quest for the Orb.
     0 | D:1      | Reached XP level 1. HP: 15/15 MP: 2/2
    26 | D:1      | Reached skill level 2 in Throwing
   213 | D:1      | Gained mutation: You are partially covered in sharp spines. [demonic ancestry]
   213 | D:1      | Reached XP level 2. HP: 13/21 MP: 0/3
   736 | D:1      | Reached skill level 2 in Fighting
  1102 | D:1      | Reached XP level 3. HP: 21/27 MP: 4/4
  1477 | D:2      | Found an iron altar of Okawaru.
  1477 | D:2      | Noticed Ijyb
  1482 | D:2      | Killed Ijyb
  1482 | D:2      | Reached skill level 3 in Fighting
  1482 | D:2      | Reached skill level 3 in Throwing
  1482 | D:2      | Reached XP level 4. HP: 30/35 MP: 5/5
  1496 | D:2      | Found an ancient bone altar of Kikubaaqudgha.
  1497 | D:2      | Upgraded the game from 0.20-a0-443-g0464b71 to 0.20-a0-449-g96be121
  1516 | D:2      | Found a sacrificial altar of Ru.
  1527 | D:2      | Found a snail-covered altar of Cheibriados.
  1539 | D:2      | Became a worshipper of Warmaster Okawaru
  1578 | D:2      | Found a shadowy altar of Dithmenos.
  2069 | D:2      | Noticed Terence
  2085 | D:2      | Cast into level 1 of the Abyss (Terence)
  2118 | Abyss:1  | Noticed a large abomination
  2277 | Abyss:1  | Noticed an insubstantial wisp
  2285 | Abyss:1  | Noticed a sixfirhy
  2289 | Abyss:1  | HP: 3/35 [sixfirhy (12)]
  2289 | Abyss:1  | Slain by a sixfirhy

Vault maps used:
D:1:      dpeg_arrival_rooms_with_view
D:2:      grunt_dithmenos_smoke, grunt_temple_overflow_cloverleaf,
          kennysheep_potato, uniq_terence, uniq_iyjb

Skill      XL: |  1  2  3 |
---------------+----------+-----
Throwing       | 2 3 |  3.1
Fighting       | 2 3 |  3.0
Armour         | |  0.1
Dodging        | |  1.7
Spellcasting   | |  1.0
Hexes          | |  3.0

Action                   |  1- 3 |  4- 6 || total
-------------------------+-------+-------++-------
Melee: Whip              |    89 |    19 ||   108
       Unarmed           |     3 |       ||     3
Throw: Javelin           |     7 |     3 ||    10
       Stone             |     5 |       ||     5
       Tomahawk          |    14 |     3 ||    17
       Throwing net      |       |     1 ||     1
 Cast: Corona            |    12 |       ||    12
 Stab: Held in net/web   |       |     1 ||     1
  Eat: Chunk             |     2 |     2 ||     4
Armor: Robe              |    16 |       ||    16
       Plate armour      |    63 |    14 ||    77
Dodge: Dodged            |    37 |     2 ||    39

Table legend:
 A = Turns spent in this place as a percentage of turns spent in the entire game.
 B = Non-inter-level travel turns spent in this place as a percentage of non-inter-level travel turns spent in the entire game.
 C = Inter-level travel turns spent in this place as a percentage of turns spent in this place.
 D = Turns resting spent in this place as a percentage of non-inter-level travel turns spent in this place.
 E = Turns spent auto-exploring this place as a percentage of non-inter-level travel turns spent in this place.
 F = Non-inter-level travel turns spent in this place divided by the number of levels of this place that you've seen.
                   A       B       C       D       E      F
               +-------+-------+-------+-------+-------+----------------------
         Total | 100.0 | 100.0 |   0.1 |   1.8 |   4.7 | 261.3
       Dungeon |  86.6 |  86.6 |   0.1 |   1.5 |   5.4 | 339.5
         Abyss |  13.4 |  13.4 |   0.0 |   3.8 |   0.0 | 105.0
               +-------+-------+-------+-------+-------+----------------------

Vault maps used:
D:1:      dpeg_arrival_rooms_with_view
D:2:      grunt_dithmenos_smoke, grunt_temple_overflow_cloverleaf,
          kennysheep_potato, uniq_terence, uniq_iyjb
